 Seeded DCSS version 0.31-a0-557-g6e16503903 (webtiles) character file.

Game seed: 16161720884980326079 (custom seed)

9 innerfire43 the Trooper (level 2, 0/19 HPs)
             Began as a Gargoyle Monk on Aug 16, 2023.
             Was a Believer of Makhleb.
             Slain by Terence
             ... wielding a +0 morningstar
              (8 damage)
             ... on level 2 of the Dungeon.
             The game lasted 00:00:40 (195 turns).

innerfire43 the Trooper (Gargoyle Monk)              Turns: 195, Time: 00:00:40

Health: 0/19       AC:  5    Str: 14    XL:     2   Next: 16%
Magic:  2/2        EV: 12    Int: 10    God:    Makhleb [**....]
Gold:   25         SH:  0    Dex: 12    Spells: 1/1 levels left

rFire   . . .        a - +0 mace
rCold   . . .        d - orb {light}
rNeg    + . .        b - +0 robe
rPois   ∞            g - +0 helmet
rElec   +            (no cloak)
rCorr   .            (no gloves)
SInv    .            (no boots)
Will    .....        (no amulet)
Stlth   +            (no ring)
HPRegen 0.23/turn    (no ring)
MPRegen 0.08/turn

%: no passive effects
@: glowing
A: sickness immunity, AC +2, negative energy resistance 1, electricity
resistance, torment resistance 1, petrification resistance
a: Renounce Religion, Minor Destruction


You were on level 2 of the Dungeon.
You worshipped Makhleb.
Makhleb was pleased with you.
You visited 1 branch of the dungeon, and saw 2 of its levels.

You collected 25 gold pieces.

Inventory:

Hand Weapons
 a - a +0 mace (weapon)
Armour
 b - a +0 robe (worn)
 d - an orb of light (worn)
 g - a +0 helmet (worn)
Scrolls
 e - a scroll of brand weapon {unknown}
 h - a scroll of silence {unknown}
Potions
 c - a potion of ambrosia
 f - a potion of heal wounds {unknown}


   Skills:
 + Level 3.5 Fighting
 + Level 3.2 Maces & Flails
 + Level 2.6 Dodging


You had one spell level left.
You didn't know any spells.
Your spell library was empty.

Dungeon Overview and Level Annotations

Branches:
Dungeon (1/15)

Altars:
Makhleb

Annotations:
D:2 Terence


Innate Abilities, Weirdness & Mutations

You are immune to sickness and miasma.
Your stone body is resilient. (AC +2)
You are immune to poison.
You resist negative energy. (rN+)
You are resistant to electric shocks. (rElec)
You are resistant to unholy torment.
You are immune to petrification.


Message History

You see here a dart slug corpse.
h - a scroll labelled MIGUWK SAOTZ No target in view!
A sourceless malevolence fills the Dungeon...
You fall into a shaft and drop 1 floor!
The shaft crumbles and collapses.
You open the door.
A kobold comes into view. It is wielding a +0 dagger.
The kobold shouts!
There is an open door here.
A kobold is nearby!
You barely miss the kobold. The kobold hits you with a +0 dagger.
A rat comes into view.
Terence the Incautious comes into view.
He is wielding a +0 morningstar.
You hit the kobold.
You kill the kobold!
Makhleb accepts your kill.
You feel better.
Terence is nearby!
There are monsters nearby!
You sock Terence!
Terence is moderately wounded.
Terence closely misses you.
You hit Terence but do no damage.
Terence is moderately wounded.
Terence barely misses you.
You barely miss Terence.
Terence is moderately wounded.
The rat bites you.
Terence barely misses you. x2; The rat closely misses you.
You barely miss Terence.
Terence is moderately wounded.
The rat bites you but does no damage. Terence closely misses you.
You sock Terence!
Terence is severely wounded.
Terence hits you with a +0 morningstar! The rat closely misses you.
Unknown command.
You hit Terence.
Terence is almost dead.
The rat closely misses you. Terence hits you with a +0 morningstar!
You die...

##### #...#
####...#
######.)'...#
#.......#...#
#.###.@.#.###
+r@.+.#
#...### #...#
..### ...
.... ....


You could see Terence and a rat.

Vanquished Creatures
  A dart slug (D:1)
  An endoplasm (D:1)
  3 kobolds
  A quokka (D:1)
  A frilled lizard (D:1)
7 creatures vanquished.

Notes
Turn   | Place    | Note
-------+----------+-------------------------------------------
     0 | D:1      | innerfire43 the Gargoyle Monk began the quest for the Orb.
     0 | D:1      | Reached XP level 1. HP: 14/14 MP: 1/1
   103 | D:1      | Found a faded altar of an unknown god.
   144 | D:1      | Reached XP level 2. HP: 15/19 MP: 2/2
   149 | D:1      | Prayed at the altar of an unknown god.
   149 | D:1      | Became a worshipper of Makhleb the Destroyer
   149 | D:1      | Reached * piety under Makhleb
   149 | D:1      | Reached ** piety under Makhleb
   182 | D:1      | You fall into a shaft and drop 1 floor!
   186 | D:2      | Noticed Terence
   195 | D:2      | Slain by Terence

Illustrated notes

Levels and vault maps discovered:
D:1:      nzn_arrival_settlement, layout_rooms,
          shapermc_ecumenical_altar_starsandcircs
D:2:      layout_basic, feat_on_display, uniq_jessica, uniq_robin,
          uniq_crazy_yiuf_cottage, uniq_terence

Action                     || total
---------------------------++-------
  Melee: Mace              ||    23
 Armour: Robe              ||     6
  Dodge: Dodged            ||    22

Table legend: (Time is in decaauts)
 A = Elapsed time spent in this place.
 B = Non-inter-level travel time spent in this place.
 C = Inter-level travel time spent in this place.
 D = Time resting spent in this place.
 E = Time spent auto-exploring this place.
 F = Levels seen in this place.
 G = Mean time per level.
                   A        B        C        D        E       F      G
               +--------+--------+--------+--------+--------+-----+--------+
         Total |    200 |    195 |      5 |      0 |    119 |   2 |  100.0 |
       Dungeon |    200 |    195 |      5 |      0 |    119 |   2 |  100.0 |
               +--------+--------+--------+--------+--------+-----+--------+

Top non-repeatable levels by time:
     D:1: 185 daAuts
     D:2: 14 daAuts
